 Dungeon Crawl Stone Soup version 0.26-a0-812-g31a745ddcd (webtiles) character file.

Game seed: 14957509195459169280

4170 Borgoz the Carver (level 10, 0/86 HPs)
             Began as a Ghoul Monk on Dec 8, 2020.
             Slain by an orc
             ... wielding a +0 trident
              (10 damage)
             ... on level 9 of the Dungeon.
             The game lasted 00:11:43 (10872 turns).

Borgoz the Carver (Ghoul Monk)                     Turns: 10872, Time: 00:11:44

Health: 0/86       AC:  0    Str: 17    XL:     10   Next: 28%
Magic:  9/9        EV: 12    Int:  5    God:
Gold:   463        SH:  0    Dex: 13    Spells: 9/9 levels left

rFire    + . .     SeeInvis .   v - +4 falchion
rCold    + . .     Faith    .   (no shield)
rNeg     + + +     Spirit   .   z - +0 scale mail {rF+}
rPois    ∞         Reflect  .   A - +2 helmet
rElec    .         Harm     .   (no cloak)
rCorr    .         Rampage  .   (no gloves)
MR       .....                  (no boots)
Stlth    +.........             (no amulet)
HPRegen  0.00/turn              (no ring)
MPRegen  0.11/turn              (no ring)

@: corroded, hasted, very quick
A: rotting body, claws 1, cold resistance 1, negative energy resistance 3,
inhibited regeneration, torment resistance, unbreathing
a: no special abilities


You were on level 9 of the Dungeon.
You visited 2 branches of the dungeon, and saw 10 of its levels.

You collected 463 gold pieces.

Inventory:

Hand Weapons
 v - a +4 falchion (weapon)
Armour
 p - the cursed +0 leather armour "Rylengaz" {Int+5}
   (You found it on level 5 of the Dungeon)

   It affects your intelligence (+5).
   It has a curse placed upon it.
 z - a +0 scale mail of fire resistance (worn)
 A - a +2 helmet (worn)
Jewellery
 k - an uncursed ring of flight
 w - an uncursed ring of fire
Wands
 e - a wand of random effects (28)
 s - a wand of flame (27)
 t - a wand of paralysis (6)
 u - a wand of acid (6)
Scrolls
 a - a scroll of teleportation
 h - 4 scrolls of enchant weapon
 i - 5 scrolls of magic mapping
 l - a scroll of enchant armour
 m - a scroll of fear
 n - a scroll of remove curse
Potions
 b - a potion of flight {unknown}
 c - 3 potions of brilliance
 d - a potion of haste
 f - 2 potions of cancellation
 g - a potion of magic
 r - a potion of resistance


   Skills:
 + Level 7.2 Fighting
 * Level 8.2 Long Blades
 * Level 7.7 Armour
 + Level 6.0 Dodging
 - Level 2.1 Stealth


You had 9 spell levels left.
You didn't know any spells.
Your spell library contained the following spells:

 Spells                   Type           Power        Failure   Level
 Beastly Appendage        Tmut           Unusable     N/A         1
 Wereblood                Tmut           Unusable     N/A         2
 Spider Form              Tmut/Pois      Unusable     N/A         3
 Ice Form                 Ice/Tmut       Unusable     N/A         4
 Blade Hands              Tmut           Unusable     N/A         5

Dungeon Overview and Level Annotations

Branches:
Dungeon (9/15)             Temple (1/1) D:4
   Lair: D:8-11         Orc: D:9-12

Altars:
Ashenzari
Cheibriados
Dithmenos
Elyvilon
Fedhas
Gozag
Hepliaklqana
Kikubaaqudgha
Nemelex Xobeh
Qazlal
Ru
Sif Muna
Trog
Uskayaw
Vehumet
Xom
Yredelemnul
Zin
The Shining One

Shops:
D:7 [

Annotations:
D:8 exclusion: obsidian statue


Innate Abilities, Weirdness & Mutations

Your body is rotting away.
You thrive by killing the living.
You are immune to poison.
You have sharp fingernails.
Your flesh is cold resistant. (rC+)
You are immune to negative energy. (rN+++)
You do not regenerate when monsters are visible.
You are immune to unholy pain and torment.
You can survive without breathing.


Message History

* * * LOW HITPOINT WARNING * * *
You are splashed with acid!
* * * LOW HITPOINT WARNING * * *
You feel yourself speed up. The jelly closely misses you.
You riposte.
You hit the jelly but do no damage.
The jelly is severely wounded.
Things that are here:
a +0 giant club; a giant cockroach corpse
There is a stone staircase leading down here.
You climb downwards.
An orc comes into view. It is wielding a +0 trident.
The orc shouts!
You hear a loud, deep croak!
There is a stone staircase leading up here.
You are too injured to fight recklessly!
Evoke which item? (* to show all) (? for menu, Esc to quit)
Okay, then.
Evoke which item? (* to show all) (? for menu, Esc to quit)
Okay, then.
The orc hits you with a +0 trident!
You die...

########################
........................
#..#..# #..###......#. #
#.....###..o@.........
#...#.........############
.......<.##+### .......#.#
....#..#.# .........#
.......... ....#..##.
.#..... ##


You could see an orc.

Vanquished Creatures
  Harold (D:7)
  Menkaure (D:7)
  2 water moccasins
  2 ice beasts (D:8)
  2 sky beasts
  An orc warrior (D:7)
  2 black bears (D:6)
  An eye of draining (D:8)
  7 ogres
  Blork the orc (D:4)
  2 bullfrogs (D:6)
  Dowan (D:7)
  2 scorpions
  8 wights
  A hound (D:4)
  3 orc priests
  A jelly (D:8)
  A gnoll shaman (D:4)
  2 iguanas
  5 orc wizards
  Natasha (thrice) (D:4)
  5 worker ants
  A hound skeleton (D:4)
  A hound zombie (D:7)
  2 worker ant zombies
  Robin (D:2)
  17 adders
  9 gnolls
  3 howler monkey skeletons
  3 white imps
  2 oozes
  3 adder skeletons
  2 worms
  5 leopard geckos
  11 orcs
  2 ball pythons
  10 bats
  7 giant cockroaches
  17 goblins
  11 hobgoblins
  16 jackals
  5 quokkas
  9 frilled lizards
  4 kobolds
  9 rats
204 creatures vanquished.

Vanquished Creatures (others)
  Duvessa (D:7)
  A gnoll (D:7)
2 creatures vanquished.

Grand Total: 206 creatures vanquished

Notes
Turn   | Place    | Note
-------+----------+-------------------------------------------
     0 | D:1      | Borgoz the Ghoul Monk began the quest for the Orb.
     0 | D:1      | Reached XP level 1. HP: 19/19 MP: 0/0
   203 | D:1      | Reached XP level 2. HP: 23/26 MP: 1/1
   406 | D:1      | Reached skill level 3 in Long Blades
   477 | D:1      | Reached skill level 1 in Armour
   541 | D:1      | Reached XP level 3. HP: 31/31 MP: 2/2
  1319 | D:2      | Found a radiant altar of Vehumet.
  1359 | D:2      | Found an ancient bone altar of Kikubaaqudgha.
  1466 | D:2      | Found a blossoming altar of Fedhas.
  1495 | D:2      | Reached XP level 4. HP: 33/40 MP: 3/3
  2404 | D:2      | Noticed Robin
  2420 | D:2      | Reached XP level 5. HP: 15/46 MP: 4/4
  2423 | D:2      | Killed Robin
  3703 | D:3      | Reached skill level 4 in Long Blades
  3750 | D:3      | Reached XP level 6. HP: 36/52 MP: 5/5
  4329 | D:4      | Found a stormy altar of Qazlal.
  4491 | D:4      | Reached XP level 7. HP: 55/60 MP: 6/6
  5077 | D:4      | Noticed Natasha
  5083 | D:4      | Killed Natasha
  5205 | D:4      | Reached skill level 5 in Long Blades
  5251 | D:4      | Noticed Natasha
  5258 | D:4      | Killed Natasha
  5307 | D:4      | Noticed Natasha
  5314 | D:4      | Killed Natasha
  5314 | D:4      | Reached skill level 5 in Fighting
  5440 | D:4      | Noticed Blork the orc
  5455 | D:4      | Killed Blork the orc
  5455 | D:4      | Reached XP level 8. HP: 42/68 MP: 7/7
  5587 | D:4      | Found a staircase to the Ecumenical Temple.
  5593 | Temple   | Entered the Ecumenical Temple
  5672 | D:5      | Entered Level 5 of the Dungeon
  6102 | D:5      | Got a distressingly furry leather armour
  6104 | D:5      | Identified the cursed +0 leather armour "Rylengaz" {Int+5}
                  | (You found it on level 5 of the Dungeon)
  7196 | D:6      | Found a basalt altar of Yredelemnul.
  7310 | D:6      | Reached skill level 5 in Armour
  7513 | D:6      | Found a radiant altar of Vehumet.
  7755 | D:6      | Reached skill level 6 in Long Blades
  7837 | D:6      | Found a white marble altar of Elyvilon.
  8482 | D:7      | Reached XP level 9. HP: 68/75 MP: 8/8
  8631 | D:7      | Reached skill level 5 in Dodging
  9166 | D:7      | Noticed Menkaure
  9168 | D:7      | Found Cisoik's Armour Boutique.
  9176 | D:7      | Killed Menkaure
  9347 | D:7      | Noticed Harold
  9372 | D:7      | Killed Harold
  9372 | D:7      | Reached skill level 7 in Long Blades
  9627 | D:7      | Found a snail-covered altar of Cheibriados.
 10171 | D:7      | Noticed Dowan
 10173 | D:7      | Noticed Duvessa
 10208 | D:7      | Killed Duvessa
 10208 | D:7      | Reached XP level 10. HP: 61/84 MP: 9/9
 10213 | D:7      | Killed Dowan
 10441 | D:8      | Noticed an obsidian statue
 10443 | D:8      | Noticed a soul eater
 10444 | D:8      | Noticed a sun demon
 10479 | D:8      | Reached skill level 8 in Long Blades
 10624 | D:8      | Found a sparkling altar of Nemelex Xobeh.
 10872 | D:9      | Slain by an orc

Illustrated notes

Levels and vault maps discovered:
D:1:      dpeg_arrival_subterranean_lakeside_camping, layout_basic
D:2:      layout_basic, lemuel_crystal_altar, grunt_temple_overflow_open,
          grunt_decor_clamped, uniq_robin
D:3:      layout_basic
D:4:      layout_rooms, nicolae_qazlal_general_emergency,
          minmay_temple_entry_fiery, uniq_natasha, uniq_blork_the_orc
D:5:      layout_layer_cave
D:6:      layout_loops_cross, old_standard_altar, elyvilon_altar_3,
          vehumet_altar_wand_db
D:7:      layout_loops_ring, overflow_temple_1_default, serial_shops,
          shop_statue, uniq_menkaure, uniq_harold, uniq_duvessa
D:8:      minmay_separated_statues, layout_basic,
          nemelex_xobeh_ov_fountains_minmay, ebering_ghost_xom, minmay_circle_x
D:9:      layout_stronghold, okawaru_metal_pillars_1_2, marbit_many_paths,
          makhleb_blood_cavern_becter, erik_lair_orcish_takeover,
          nemelex_spade_bored_becter
Temple:   minmay_freezing_vapour_temple

Skill      XL: |  1  2  3  4  5  6  7  8  9 10 |
---------------+-------------------------------+-----
Long Blades    | 3 4 5 6 7 8 |  8.2
Armour         | 1 2 3 4 5 7 |  7.7
Dodging        | 3 4 5 6 |  6.0
Fighting       | 4 5 6 7 |  7.2
Stealth        | |  2.1

Action                   |  1- 3 |  4- 6 |  7- 9 | 10-12 || total
-------------------------+-------+-------+-------+-------++-------
Melee: Falchion          |   102 |   246 |   564 |   115 ||  1027
Throw: Throwing net      |       |     2 |     1 |       ||     3
Evoke: Wand              |       |       |     5 |       ||     5
  Use: Potion            |       |     6 |     5 |     1 ||    12
       Scroll            |       |     2 |    11 |     1 ||    14
 Stab: Sleeping          |     7 |       |       |       ||     7
       Invisible         |       |     3 |     6 |       ||     9
       Held in net/web   |       |       |     1 |       ||     1
Armor: Robe              |    16 |       |       |       ||    16
       Ring mail         |    21 |   104 |   175 |       ||   300
       Scale mail        |       |       |    38 |    37 ||    75
Dodge: Dodged            |    62 |   208 |   370 |    57 ||   697
       Rpst.: Falchion   |    23 |    54 |    98 |    15 ||   190

Table legend: (Time is in decaauts)
 A = Elapsed time spent in this place.
 B = Non-inter-level travel time spent in this place.
 C = Inter-level travel time spent in this place.
 D = Time resting spent in this place.
 E = Time spent auto-exploring this place.
 F = Levels seen in this place.
 G = Mean time per level.
                   A        B        C        D        E       F      G
               +--------+--------+--------+--------+--------+-----+--------+
         Total |  10856 |  10654 |    202 |   3261 |   5520 |  10 | 1085.6 |
       Dungeon |  10835 |  10636 |    199 |   3261 |   5509 |   9 | 1203.9 |
        Temple |     20 |     17 |      3 |      0 |     11 |   1 |   20.0 |
               +--------+--------+--------+--------+--------+-----+--------+

Top non-repeatable levels by time:
     D:7: 2297 daAuts
     D:2: 2081 daAuts
     D:5: 1411 daAuts
     D:4: 1326 daAuts
     D:1: 1307 daAuts
     D:6: 1044 daAuts
     D:3: 953 daAuts
     D:8: 400 daAuts
  Temple: 20 daAuts
     D:9: 12 daAuts
